 Dungeon Crawl Stone Soup version 0.15.0-12-gccce430 (webtiles) character file.

116 MackTheKnife the Charmwright (level 5, -5/45 HPs)
             Began as a Naga Skald on Sept 1, 2014.
             Slain by a gnoll sergeant
             ... wielding a +0 trident
              (13 damage)
             ... on Level 3 of the Dungeon on Sept 2, 2014.
             The game lasted 00:07:00 (4330 turns).

MackTheKnife the Charmwright (Naga Skald)           Turns: 4330, Time: 00:07:01

HP  -5/45        AC  3     Str 14      XL: 5   Next:  0%
MP   3/9         EV  9     Int 18      God:
Gold 138         SH  0     Dex 11      Spells:  3 memorised,  2 levels left

rFire  . . .     SeeInvis +     a - +1 mace
rCold  . . .     Clarity  .     b - +0 leather armour
rNeg   . . .     rCorr    .     (no shield)
rPois  +         rRot     .     (no helmet)
rElec  .         Spirit   .     (no cloak)
SustAb .         Warding  .     (no gloves)
rMut   .         Stasis   .     (no barding)
Gourm  .                        (no amulet)
MR     .....                    (no ring)
                                (no ring)

@: brilliant, very slightly contaminated, very slow, not resistant to hostile
enchantments, very unstealthy
A: spit poison, see invisible, deformed body, mutation resistance 1, poison
resistance, slowness 2, AC +1
a: Spit Poison


You were on level 3 of the Dungeon.
You were not hungry.

You visited 1 branch of the dungeon, and saw 3 of its levels.

You collected 138 gold pieces.


Innate Abilities, Weirdness & Mutations

You cannot wear boots.
You can spit poison.
Your serpentine skin is tough (AC +1).
You have supernaturally acute eyesight.
Armour fits poorly on your strangely shaped body.
Your system is resistant to poisons.
You cover ground very slowly.
You are somewhat resistant to further mutation.


   Skills:
 - Level 2.0 Fighting
 - Level 3.5 Maces & Flails
 - Level 0.7 Armour
 - Level 0.7 Dodging
 - Level 2.0 Spellcasting
 + Level 0.6 Hexes
 + Level 4.4 Charms


You had 2 spell levels left.
You knew the following spells:

 Your Spells              Type           Power        Failure   Level  Hunger
a - Shroud of Golubria    Chrm/Tloc      ###.......   1%          2    ##.....
c - Spectral Weapon       Hex/Chrm       ###.....     2%          3    ####...
z - Infusion              Chrm           ####..       1%          1    #......

Inventory:

Hand weapons
 a - a +1 mace (weapon)
Armour
 b - a +0 leather armour (worn)
 k - a +0 shield
Comestibles
 d - a bread ration
 g - a beef jerky
 h - 3 meat rations
Scrolls
 f - 2 scrolls of remove curse
Books
 c - a book of Battle

   Spells                             Type                      Level
   *Infusion                          Charms                       1
   *Shroud of Golubria                Charms/Translocation         2
   Song of Slaying                    Charms                       2
   *Spectral Weapon                   Hexes/Charms                 3
   Regeneration                       Charms/Necromancy            3

▒▒▒ ▒▒▒▒▒ ▒ ▒·▒▒▒▒▒▒▒▒▒▒▒·▒<▒▒▒▒
▒·············▒·····
▒·▒▒▒▒▒▒▒▒▒▒▒·▒·▒▒▒▒ ▒·▒
▒·▒▒▒▒▒▒ ▒·▒ ▒·······
▒·▒▒▒▒▒▒▒▒▒▒▒▒▒▒▒▒▒▒ ▒▒▒
▒··N·gg·ggg········· ▒···▒
▒·▒▒▒▒▒▒▒▒▒▒g··▒▒▒▒▒▒▒
▒···▒▒▒▒▒▒▒▒·······▒ ▒···▒
▒·········▒▒▒▒▒▒▒▒·▒▒▒▒gg·▒▒▒
·········%'················>▒▒▒▒
···▒······▒·▒▒▒▒▒▒'▒·▒···g·····▒
···▒······▒·▒········▒·········▒
···▒······▒·▒········▒·········▒
▒·······▒·▒·▒········▒▒▒·······▒


You could see a gnoll sergeant and 5 gnolls.


Message History

You feel extremely strange.
You feel genetically stable.
You feel clever.
You feel stupid.
It was a potion of mutation.
The gnoll hits you but does no damage.
Drink which item? (? for menu, Esc to quit)
You feel much better.
It was a potion of heal wounds.
The gnoll closely misses you.
Read which item? (? for menu, Esc to quit)
Okay, then.
Drink which item? (? for menu, Esc to quit)
Okay, then.
Okay, then.
Drink which item? (? for menu, Esc to quit)
You feel clever all of a sudden.
The gnoll sergeant hits you from afar with a trident.
The gnoll hits you with a whip.
You aren't carrying any potions.
You miscast Shroud of Golubria.
You are very lightly contaminated with residual magic.
Nothing appears to happen.
The gnoll sergeant hits you from afar with a trident!
* * * LOW HITPOINT WARNING * * *
The gnoll hits you with a whip.
* * * LOW HITPOINT WARNING * * *
Space distorts slightly along a thin shroud covering your body.
The gnoll barely misses you.
Your shroud bends the gnoll sergeant's attack away!
The gnoll hits you with a whip.
* * * LOW HITPOINT WARNING * * *
The gnoll sergeant hits you from afar with a trident!
You die...

Action                   |  1- 3 |  4- 6 || total
-------------------------+-------+-------++-------
Melee: Mace              |   121 |    84 ||   205
 Cast: Infusion          |     3 |       ||     3
       Spectral Weapon   |       |     2 ||     2
       Shroud of Golubri |       |     1 ||     1
 Abil: Spit Poison       |     9 |     7 ||    16
  Use: Scroll            |     5 |     2 ||     7
       Potion            |       |     4 ||     4
  Eat: Chunk             |     4 |     2 ||     6
       Bread ration      |     1 |       ||     1
       Beef jerky        |       |     1 ||     1

Vault maps used:
D:1:      elethiomel_arrival_maze
D:2:      serial_co_window_serial, co_window_paths_a, co_window_cross_1,
          co_window_of_opportunity_a, co_window_of_opportunity_a,
          co_window_corner_a, co_window_2corner, co_window_of_opportunity_b,
          co_window_broadway_c, co_window_paths_c, co_window_corner_b,
          co_window_of_opportunity_c, co_window_paths_c, co_window_sun,
          co_window_paths_e, glass_columns_b, glass_columns_a
D:3:      lemuel_upstairs_altar

Notes
Turn   | Place    | Note
--------------------------------------------------------------
     0 | D:1      | MackTheKnife, the Naga Skald, began the quest for the Orb.
     0 | D:1      | Reached XP level 1. HP: 19/19 MP: 3/3
   287 | D:1      | Reached XP level 2. HP: 19/26 MP: 4/4
   567 | D:1      | Learned a level 2 spell: Shroud of Golubria
  1344 | D:1      | Reached XP level 3. HP: 18/32 MP: 6/6
  2274 | D:2      | Reached skill level 3 in Maces & Flails
  2496 | D:2      | Reached skill level 4 in Charms
  2705 | D:2      | Reached XP level 4. HP: 39/39 MP: 7/7
  3679 | D:3      | Learned a level 3 spell: Spectral Weapon
  4117 | D:3      | Reached XP level 5. HP: 30/45 MP: 2/9
  4321 | D:3      | HP: 4/45 [gnoll/whip (5)]
  4322 | D:3      | Gained mutation: You are somewhat resistant to further mutation. [potion of mutation]
  4322 | D:3      | Gained mutation: Your mind is acute. (Int +2) [potion of mutation]
  4322 | D:3      | Lost mutation: Your mind is acute. (Int +2) [potion of mutation]
  4330 | D:3      | Slain by a gnoll sergeant

Vanquished Creatures
  4 adders
  2 worms
  An ooze (D:1)
  An orc (D:3)
  A ball python (D:2)
  2 giant cockroaches
  4 goblins
  8 hobgoblins
  13 jackals
  7 bats
  3 giant geckos
  A giant gecko skeleton (D:3)
  3 giant newts
  8 kobolds
  6 rats
64 creatures vanquished.

Vanquished Creatures (others)
  2 spectral weapons (D:3)
2 creatures vanquished.

Grand Total: 66 creatures vanquished
